[Event "ICC tourney 2264 (75 10)"]
[Site "Internet Chess Club"]
[Date "2021.01.02"]
[Round "2"]
[White "MasterIVGM20"]
[Black "akshajp"]
[Result "1/2-1/2"]
[ICCResult "Game drawn by mutual agreement"]
[WhiteElo "1184"]
[BlackElo "1389"]
[Opening "Sicilian: Labourdonnais-Löwenthal variation"]
[ECO "B32"]
[NIC "SI.32"]
[Time "14:31:53"]
[PlyCount "52"]
[TimeControl "4500+10"]

1. e4 c5 2. Nf3 Nc6 3. d4 cxd4 4. Nxd4 e5 5. Nb3 Nf6 6. Bd3 Be7 7. Nc3 O-O
8. O-O d6 9. h3 Be6 10. Be3 Qd7 11. f4 exf4 12. Bxf4 Rac8 13. Rf3 Kh8 14.
Rg3 Ng8 15. Nd5 Bxd5 16. exd5 Nb4 17. Be4 f5 18. Bf3 Bh4 19. Rxg7 Kxg7 20.
Qd4+ Bf6 21. Qxb4 Rfd8 22. Nd4 a5 23. Qb6 Bxd4+ 24. Qxd4+ Nf6 25. Bg5 Qe7
26. Qh4 h5 { Game drawn by mutual agreement } 1/2-1/2

[Event "ICC tourney 2264 (75 10)"]
[Site "Internet Chess Club"]
[Date "2021.01.02"]
[Round "2"]
[White "Davide25"]
[Black "tundrarules"]
[Result "1/2-1/2"]
[ICCResult "Game drawn by mutual agreement"]
[WhiteElo "1539"]
[BlackElo "1325"]
[Opening "QGD: Neo-orthodox variation, 7.Bh4"]
[ECO "D56"]
[NIC "QO.13"]
[Time "14:32:16"]
[PlyCount "94"]
[TimeControl "4500+10"]

1. d4 d5 2. c4 e6 3. Nc3 Nf6 4. Bg5 Be7 5. e3 h6 6. Bh4 O-O 7. Nf3 c5 8.
cxd5 cxd4 9. Qxd4 Nxd5 10. Bxe7 Nxe7 11. Rd1 Qxd4 12. Nxd4 e5 13. Nf3 Nbc6
14. Be2 Bf5 15. O-O Rfd8 16. e4 Be6 17. h3 Rac8 18. Rxd8+ Rxd8 19. Rd1
Rxd1+ 20. Bxd1 a5 21. Kf1 Bc4+ 22. Be2 Be6 23. Bb5 Kf8 24. Ke1 f6 25. Kd2
Ke8 26. Nh4 Kd7 27. a3 g5 28. Nf3 Kd6 29. Kd3 Kc5 30. Ba4 Nd4 31. Nxd4 exd4
32. Ne2 Bc4+ 33. Kd2 Ng6 34. g3 Ne5 35. Ng1 Nd3 36. f3 Nxb2 37. Bc2 Be6 38.
Bd3 Nc4+ 39. Bxc4 Bxc4 40. f4 gxf4 41. gxf4 Kd6 42. Nf3 d3 43. e5+ fxe5 44.
Nxe5 Bd5 45. Kxd3 b5 46. Kd4 b4 47. axb4 axb4 { Game drawn by mutual
agreement } 1/2-1/2

[Event "ICC tourney 2264 (75 10)"]
[Site "Internet Chess Club"]
[Date "2021.01.02"]
[Round "2"]
[White "jjplaman"]
[Black "cayo89"]
[Result "0-1"]
[ICCResult "White resigns"]
[WhiteElo "1325"]
[BlackElo "1521"]
[Opening "Philidor: Improved Hanham variation"]
[ECO "B07"]
[NIC "PU.08"]
[Time "14:32:03"]
[PlyCount "54"]
[TimeControl "4500+10"]

1. e4 d6 2. d4 Nf6 3. Nc3 Nbd7 4. Nf3 e5 5. dxe5 dxe5 6. Bg5 Be7 7. Bb5 c6
8. Bc4 Qc7 9. O-O h6 10. Be3 Nf8 11. h3 g5 12. Qd3 Ne6 13. Rad1 Nf4 14.
Bxf4 gxf4 15. Ne2 Rg8 16. Qc3 Bxh3 17. Nxe5 Rxg2+ 18. Kh1 f3 19. Nf4 Nxe4
20. Qxf3 Rh2+ 21. Kxh2 Qxe5 22. Kxh3 Ng5+ 23. Kg4 Nxf3 24. Kxf3 Rd8 25.
Rfe1 Qf6 26. Rxe7+ Qxe7 27. Re1 Qxe1 { White resigns } 0-1

[Event "ICC tourney 2264 (75 10)"]
[Site "Internet Chess Club"]
[Date "2021.01.02"]
[Round "2"]
[White "Fredzhang"]
[Black "NickManley1987"]
[Result "1-0"]
[ICCResult "Black resigns"]
[WhiteElo "1403"]
[BlackElo "1543"]
[Opening "Giuoco Piano: Anderssen variation"]
[ECO "C54"]
[NIC "IG.02"]
[Time "14:31:58"]
[PlyCount "71"]
[TimeControl "4500+10"]

1. e4 e5 2. Nf3 Nc6 3. Bc4 Bc5 4. c3 Nf6 5. d4 exd4 6. e5 d5 7. Bb5 Ne4 8.
cxd4 Bb4+ 9. Bd2 Bxd2+ 10. Nbxd2 O-O 11. Rc1 Bd7 12. Bxc6 Bxc6 13. Qc2 Qe7
14. O-O Rac8 15. Rfe1 Ng5 16. Nxg5 Qxg5 17. Nf3 Qe7 18. a3 Bd7 19. Qb3 Bc6
20. Qc3 Rfe8 21. b4 Bb5 22. Nd2 Qd7 23. Qc5 b6 24. Qc3 Qf5 25. Qf3 Qe6 26.
Ra1 c5 27. dxc5 bxc5 28. bxc5 Rxc5 29. Nb3 Rc4 30. Na5 Rc7 31. Rab1 Ba6 32.
Rbd1 Rd8 33. Nb3 Bc4 34. Nd4 Qb6 35. e6 fxe6 36. Nxe6 { Black resigns } 1-0

[Event "ICC tourney 2264 (75 10)"]
[Site "Internet Chess Club"]
[Date "2021.01.02"]
[Round "2"]
[White "Il123"]
[Black "twrchess"]
[Result "0-1"]
[ICCResult "White checkmated"]
[WhiteElo "1461"]
[BlackElo "1411"]
[Opening "French: Steinitz, Boleslavsky variation"]
[ECO "C11"]
[NIC "FR.04"]
[Time "14:32:04"]
[PlyCount "106"]
[TimeControl "4500+10"]

1. e4 e6 2. d4 d5 3. Nc3 Nf6 4. e5 Nfd7 5. f4 c5 6. Nf3 Nc6 7. Be3 Qb6 8.
Na4 Qa5+ 9. c3 cxd4 10. Nxd4 Nxd4 11. Bxd4 b5 12. b4 Qxa4 13. Qxa4 bxa4 14.
Bb5 Be7 15. Bxa4 O-O 16. O-O Nb6 17. Bc6 Rb8 18. a4 Bd7 19. Bxd7 Nxd7 20.
Bxa7 Rb7 21. Bd4 Rc8 22. a5 Bd8 23. Rfe1 Ra8 24. g3 Nb8 25. Kg2 Nc6 26. Bc5
Be7 27. Bf2 Kf8 28. Reb1 Ke8 29. a6 Rb5 30. Ra4 Kd7 31. Rba1 Bd8 32. Kf3
Bb6 33. Be1 Ba7 34. h4 f5 35. Rd1 Ke7 36. Ke2 Rab8 37. h5 g6 38. hxg6 hxg6
39. Kf3 Rh8 40. Kg2 g5 41. fxg5 Nxe5 42. Raa1 Nc4 43. Kf3 e5 44. Ra2 Ke6
45. Re2 e4+ 46. Kg2 Ne3+ 47. Rxe3 Bxe3 48. Ra1 Ba7 49. Kf1 Rh2 50. Rd1 Rb8
51. g4 f4 52. Bd2 f3 53. Bf4 Rh1# { White checkmated } 0-1

[Event "ICC tourney 2264 (75 10)"]
[Site "Internet Chess Club"]
[Date "2021.01.02"]
[Round "2"]
[White "solveur"]
[Black "tcrgm"]
[Result "1-0"]
[ICCResult "Black resigns"]
[WhiteElo "1435"]
[BlackElo "1587"]
[Opening "QGD semi-Slav"]
[ECO "D43"]
[NIC "SL.03"]
[Time "14:31:54"]
[PlyCount "101"]
[TimeControl "4500+10"]

1. d4 d5 2. c4 c6 3. Nc3 Nf6 4. Nf3 e6 5. Bg5 Be7 6. e3 Nbd7 7. cxd5 exd5
8. Bd3 h6 9. Bh4 O-O 10. O-O Nb6 11. Rc1 Bg4 12. h3 Be6 13. Bg3 Bd6 14. Ne5
Qe7 15. Na4 Nbd7 16. f4 Ne4 17. Bxe4 dxe4 18. Nc3 Bxe5 19. fxe5 Qg5 20. Bf4
Qg6 21. Kh2 Nb6 22. Qc2 Bc4 23. Rf2 Bd3 24. Qd1 Nd5 25. Nxd5 cxd5 26. Rc7
Qb6 27. e6 Qxe6 28. Rxb7 g5 29. Bg3 Qg6 30. Rd7 Rad8 31. Rxa7 f5 32. Be5
Rf7 33. Rxf7 Qxf7 34. g4 f4 35. exf4 e3 36. Rf3 Be4 37. Rxe3 gxf4 38. Re1
f3 39. Rf1 Rc8 40. Rf2 Qg6 41. a3 Qg5 42. Qa4 Qe3 43. Bg3 Rf8 44. Qd1 Bd3
45. Rd2 f2 46. Rxd3 Qxd3 47. Qxd3 f1=Q 48. Qg6+ Kh8 49. Be5+ Rf6 50. Bxf6+
Qxf6 51. Qxf6+ { Black resigns } 1-0

[Event "ICC tourney 2264 (75 10)"]
[Site "Internet Chess Club"]
[Date "2021.01.02"]
[Round "2"]
[White "StevChess01"]
[Black "Dhruti813kob36"]
[Result "1-0"]
[ICCResult "Black checkmated"]
[WhiteElo "1632"]
[BlackElo "1487"]
[Opening "QGD: exchange, positional line"]
[ECO "D35"]
[NIC "QO.16"]
[Time "14:31:58"]
[PlyCount "77"]
[TimeControl "4500+10"]

1. d4 d5 2. c4 e6 3. Nc3 Nf6 4. cxd5 exd5 5. Bg5 Nbd7 6. e3 c6 7. Bd3 Be7
8. Qc2 O-O 9. Nf3 Re8 10. h3 b6 11. O-O Bb7 12. Rac1 c5 13. b3 Rc8 14. Qb1
Nf8 15. Bf4 Ng6 16. Bg3 Bd6 17. Bxd6 Qxd6 18. Bf5 Rcd8 19. Nb5 Qb8 20. dxc5
Ba6 21. a4 Bxb5 22. axb5 bxc5 23. Rxc5 Ne4 24. Bxe4 dxe4 25. Nd4 Qd6 26.
Rfc1 Ne5 27. R5c3 Nd3 28. Rf1 Rc8 29. Rxc8 Rxc8 30. Qa1 Qc5 31. Qd1 g6 32.
Qg4 f5 33. Qg3 Qd5 34. Ra1 Nc1 35. Rxa7 Nxb3 36. Nxb3 Qxb3 37. Qe5 Kf8 38.
Qg7+ Ke8 39. Qe7# { Black checkmated } 1-0

[Event "ICC tourney 2264 (75 10)"]
[Site "Internet Chess Club"]
[Date "2021.01.02"]
[Round "2"]
[White "lwaharte"]
[Black "nsuralik"]
[Result "0-1"]
[ICCResult "White checkmated"]
[WhiteElo "1473"]
[BlackElo "1079"]
[Opening "Sicilian: Anderssen variation"]
[ECO "B41"]
[NIC "SI.41"]
[Time "14:32:00"]
[PlyCount "72"]
[TimeControl "4500+10"]

1. e4 c5 2. Nf3 e6 3. d4 cxd4 4. Nxd4 Nf6 5. Nc3 a6 6. g3 d6 7. Bg2 Be7 8.
O-O O-O 9. Be3 Qc7 10. f4 Nc6 11. Nxc6 bxc6 12. Qe2 Rb8 13. Rab1 a5 14. Qf3
Bb7 15. Kh1 c5 16. Qf2 Ng4 17. Qe2 Nxe3 18. Qxe3 Bc6 19. f5 Bf6 20. g4 Bd4
21. Qg3 Rbe8 22. Rbe1 Qb8 23. b3 Be5 24. Qh3 Qb4 25. Nd1 Qb7 26. Nf2 Qb8
27. g5 exf5 28. exf5 Bxg2+ 29. Kxg2 Bd4 30. Rxe8 Rxe8 31. Qf3 Qd8 32. h4
Re3 33. Qd1 Qa8+ 34. Kh2 Be5+ 35. Kg1 Rg3+ 36. Kh2 Qg2# { White checkmated
} 0-1

[Event "ICC tourney 2264 (75 10)"]
[Site "Internet Chess Club"]
[Date "2021.01.02"]
[Round "2"]
[White "aakashjr"]
[Black "MissCalculation"]
[Result "1-0"]
[ICCResult "Black resigns"]
[WhiteElo "1642"]
[BlackElo "1041"]
[Opening "Caro-Kann: advance variation"]
[ECO "B12"]
[NIC "CK.04"]
[Time "14:32:00"]
[PlyCount "143"]
[TimeControl "4500+10"]

1. e4 c6 2. d4 d5 3. e5 Bf5 4. h4 h5 5. Bd3 Bxd3 6. Qxd3 e6 7. Nf3 Qa5+ 8.
Bd2 Qa6 9. Qb3 Ne7 10. Ng5 Nf5 11. Qf3 c5 12. c3 cxd4 13. cxd4 Nc6 14. Bc3
Bb4 15. Nd2 Rc8 16. Qe2 Qxe2+ 17. Kxe2 Nfxd4+ 18. Bxd4 Nxd4+ 19. Kd3 Nf5
20. f3 Ke7 21. Rac1 f6 22. exf6+ gxf6 23. Nh3 Rhg8 24. Nf4 Ng3 25. Rhe1
Rxc1 26. Rxc1 Ba5 27. Re1 e5 28. Nxd5+ Kf7 29. Nc3 Rd8+ 30. Kc2 Nf5 31. Re4
Nd4+ 32. Kc1 Rc8 33. Re3 b5 34. Ne4 Bb4 35. Kd1 Rd8 36. Rd3 f5 37. Ng5+ Kg6
38. Nxb5 a6 39. Nxd4 exd4 40. Ne6 Rd6 41. Rxd4 Rxe6 42. Rxb4 Rd6+ 43. Ke2
Re6+ 44. Kd3 Rd6+ 45. Rd4 Rb6 46. b3 Re6 47. b4 Rc6 48. a4 Rc1 49. Rd6+ Kf7
50. Rxa6 Rd1+ 51. Ke2 Rd4 52. b5 Rxh4 53. b6 Rb4 54. Ra7+ Ke6 55. b7 Rb2+
56. Kd3 Rb3+ 57. Kc4 Rb6 58. Kc5 Rb2 59. Ra6+ Ke5 60. Rb6 Rc2+ 61. Kb5 Rb2+
62. Ka6 Rxb6+ 63. Kxb6 Kd4 64. b8=Q Ke3 65. Qe5+ Kf2 66. Qxf5 Kxg2 67. Qxh5
Kf2 68. f4 Kg3 69. f5 Kf2 70. f6 Ke3 71. f7 Kd4 72. f8=Q { Black resigns }
1-0

[Event "ICC tourney 2264 (75 10)"]
[Site "Internet Chess Club"]
[Date "2021.01.02"]
[Round "2"]
[White "Anushkaa"]
[Black "sujay2010"]
[Result "0-1"]
[ICCResult "White checkmated"]
[WhiteElo "1281"]
[BlackElo "1345"]
[Opening "Sicilian: Taimanov variation"]
[ECO "B49"]
[NIC "SI.40"]
[Time "14:31:54"]
[PlyCount "136"]
[TimeControl "4500+10"]

1. e4 c5 2. Nf3 e6 3. d4 cxd4 4. Nxd4 Nc6 5. Nc3 Qc7 6. Be3 a6 7. Be2 Nf6
8. O-O Be7 9. Qd2 O-O 10. Nxc6 bxc6 11. Bf3 d5 12. exd5 cxd5 13. Rfe1 Bd7
14. Bd4 Rfc8 15. a3 Qb7 16. Rab1 Rab8 17. Be5 Ra8 18. h3 Ne8 19. Ne2 Bd6
20. Bxd6 Nxd6 21. b3 Qc7 22. c4 Ne4 23. Bxe4 dxe4 24. Ng3 f5 25. Ne2 Rab8
26. Qf4 Qxf4 27. Nxf4 g6 28. Red1 Rd8 29. b4 Kf7 30. c5 Bb5 31. g3 Ke7 32.
h4 Bd3 33. Nxd3 Rxd3 34. Rxd3 exd3 35. Rd1 a5 36. Rxd3 axb4 37. axb4 Rxb4
38. Rc3 Rb7 39. Kg2 Rc7 40. Kf3 e5 41. Ke3 Ke6 42. f3 Kd5 43. c6 Rxc6 44.
Rxc6 Kxc6 45. g4 fxg4 46. fxg4 Kd5 47. Kd3 e4+ 48. Ke3 Ke5 49. Ke2 Kf4 50.
g5 e3 51. Ke1 Kg4 52. Ke2 Kxh4 53. Kxe3 Kxg5 54. Kf3 Kh4 55. Kg2 Kg4 56.
Kg1 h5 57. Kg2 h4 58. Kg1 Kf3 59. Kh2 g5 60. Kh1 g4 61. Kg1 g3 62. Kf1 h3
63. Kg1 h2+ 64. Kh1 g2+ 65. Kxh2 Kf2 66. Kh3 g1=Q 67. Kh4 Qg6 68. Kh3 Qg3#
{ White checkmated } 0-1

[Event "ICC tourney 2264 (75 10)"]
[Site "Internet Chess Club"]
[Date "2021.01.02"]
[Round "2"]
[White "MikeWMason"]
[Black "ChessHawk8"]
[Result "0-1"]
[ICCResult "White checkmated"]
[WhiteElo "1699"]
[BlackElo "1536"]
[Opening "Sicilian defense"]
[ECO "B32"]
[NIC "SI.31"]
[Time "14:32:12"]
[PlyCount "102"]
[TimeControl "4500+10"]

1. e4 c5 2. Nf3 Nc6 3. d4 cxd4 4. c3 dxc3 5. Nxc3 d6 6. Bc4 Nf6 7. O-O Bg4
8. Qb3 e6 9. Qxb7 Rc8 10. Ng5 Be7 11. h3 h6 12. Bb5 Qd7 13. Qxd7+ Nxd7 14.
Nxf7 Kxf7 15. hxg4 Nde5 16. f4 Nxg4 17. f5 Nd4 18. fxe6+ Kxe6 19. Ba4 Rxc3
20. bxc3 Ne2+ 21. Kh1 Ng3+ 22. Kg1 Bd8 23. Bb3+ Ke7 24. Rf7+ Ke8 25. Rb7
Bb6+ 26. Rxb6 axb6 27. Ba3 Ne2+ 28. Kf1 Ng3+ 29. Ke1 Rf8 30. Bc4 Ne3 31.
Bxd6 Nxg2+ 32. Kd1 Ne3+ 33. Ke1 Nc2+ 34. Kd1 Ne3+ 35. Ke1 Nxc4 36. Bxf8
Kxf8 37. Rb1 Nxe4 38. Rb4 Ned6 39. Ke2 g5 40. Ra4 g4 41. Ra7 Kg8 42. Rc7 h5
43. Kf1 h4 44. Re7 g3 45. Kg2 Nf5 46. Re4 Nce3+ 47. Kh3 g2 48. Kh2 h3 49.
Re6 Ng4+ 50. Kg1 Nh4 51. Rxb6 Nf3# { White checkmated } 0-1

[Event "ICC tourney 2264 (75 10)"]
[Site "Internet Chess Club"]
[Date "2021.01.02"]
[Round "2"]
[White "magicpup"]
[Black "ChemStud24"]
[Result "1/2-1/2"]
[ICCResult "Game drawn by repetition"]
[WhiteElo "1523"]
[BlackElo "1434"]
[Opening "Sicilian: Canal-Sokolsky (Nimzovich-Rossolimo, Moscow) attack"]
[ECO "B51"]
[NIC "SI.01"]
[Time "14:32:02"]
[PlyCount "108"]
[TimeControl "4500+10"]

1. e4 c5 2. Nf3 d6 3. Bb5+ Nc6 4. Bxc6+ bxc6 5. O-O e5 6. c3 Nf6 7. Qe2 Bg4
8. Rd1 Bxf3 9. Qxf3 d5 10. exd5 cxd5 11. Qe3 Bd6 12. d4 cxd4 13. cxd4 e4
14. Nc3 Bxh2+ 15. Kh1 Bc7 16. Qg5 Qd6 17. g3 Qe6 18. Kg1 h6 19. Qh4 Qf5 20.
Nb5 Kd7 21. Nxc7 g5 22. Qh2 Ng4 23. Qg2 Kxc7 24. Bd2 h5 25. Ba5+ Kd6 26.
Qf1 Rac8 27. Qa6+ Rc6 28. Bb4+ Kd7 29. Qxa7+ Rc7 30. Qa4+ Kd8 31. Qa8+ Rc8
32. Qa5+ Ke8 33. Qb5+ Qd7 34. Qe2 h4 35. Rac1 Rxc1 36. Rxc1 f6 37. Qa6 Kf7
38. Be1 Kg6 39. gxh4 Rxh4 40. Qc8 Rh1+ 41. Kxh1 Qh7+ 42. Kg1 Qh2+ 43. Kf1
Qh1+ 44. Ke2 Qf3+ 45. Kf1 Qh3+ 46. Kg1 Qh2+ 47. Kf1 Qh1+ 48. Ke2 Qf3+ 49.
Kf1 Qh1+ 50. Ke2 Qf3+ 51. Kf1 Qh3+ 52. Kg1 Qh2+ 53. Kf1 Qh1+ 54. Ke2 Qf3+ {
Game drawn by repetition } 1/2-1/2

[Event "ICC tourney 2264 (75 10)"]
[Site "Internet Chess Club"]
[Date "2021.01.02"]
[Round "3"]
[White "solveur"]
[Black "yogokings12"]
[Result "1-0"]
[ICCResult "Black resigns"]
[WhiteElo "1435"]
[BlackElo "1573"]
[Opening "Grünfeld: modern exchange variation"]
[ECO "D85"]
[NIC "GI.04"]
[Time "18:02:21"]
[PlyCount "47"]
[TimeControl "4500+10"]

1. d4 Nf6 2. c4 g6 3. Nc3 d5 4. cxd5 Nxd5 5. e4 Nxc3 6. bxc3 Bg7 7. Nf3 c5
8. Be3 Nc6 9. Be2 Bg4 10. e5 O-O 11. O-O cxd4 12. cxd4 Qd5 13. h3 Be6 14.
Ng5 Rfd8 15. Bf3 Qa5 16. Nxe6 fxe6 17. Bxc6 bxc6 18. Qb3 Rab8 19. Qxe6+ Kh8
20. Rab1 Qc7 21. Rfc1 Rxb1 22. Rxb1 c5 23. Rc1 Qa5 24. Rxc5 { Black resigns
} 1-0

[Event "ICC tourney 2264 (75 10)"]
[Site "Internet Chess Club"]
[Date "2021.01.02"]
[Round "3"]
[White "andrewj508"]
[Black "Beast908"]
[Result "1-0"]
[ICCResult "Black resigns"]
[WhiteElo "1256"]
[BlackElo "1367"]
[Opening "Queen's pawn, Mason variation"]
[ECO "D00"]
[NIC "QP.08"]
[Time "18:02:25"]
[PlyCount "81"]
[TimeControl "4500+10"]

1. d4 d5 2. Bf4 Nf6 3. e3 e6 4. c4 c6 5. Nc3 Bb4 6. Qb3 Bxc3+ 7. Qxc3 Ne4
8. Qa3 Qe7 9. Qxe7+ Kxe7 10. Nf3 Nd7 11. Bd3 dxc4 12. Bxe4 Nf6 13. Bc2 Nd5
14. Bg3 c3 15. bxc3 Nxc3 16. O-O Bd7 17. Kh1 Rac8 18. Rfc1 Ne2 19. Re1
Nxg3+ 20. hxg3 c5 21. Bb3 cxd4 22. Nxd4 Bc6 23. Rac1 Kd6 24. Nxc6 Rxc6 25.
Red1+ Kc7 26. Rxc6+ Kxc6 27. Rc1+ Kb6 28. Kh2 Rd8 29. Rc2 Rd3 30. Rb2 Kc7
31. Rc2+ Kb6 32. Kh3 Rd1 33. Rb2 Rh1+ 34. Kg4 Kc7 35. Rc2+ Kb6 36. Rd2 Kc7
37. Kf4 Rh6 38. Rc2+ Kb6 39. Ke5 Rf6 40. Kd6 e5+ 41. Kxe5 { Black resigns }
1-0

[Event "ICC tourney 2264 (75 10)"]
[Site "Internet Chess Club"]
[Date "2021.01.02"]
[Round "3"]
[White "AndreiKo007"]
[Black "handsomematch"]
[Result "1-0"]
[ICCResult "Black resigns"]
[WhiteElo "1695"]
[BlackElo "1303"]
[Opening "Four knights: Spanish, classical defense"]
[ECO "C48"]
[NIC "KP.03"]
[Time "18:03:32"]
[PlyCount "23"]
[TimeControl "4500+10"]

1. e4 e5 2. Nf3 Nc6 3. Nc3 Nf6 4. Bb5 Bc5 5. Bxc6 dxc6 6. Nxe5 Qd4 7. Nd3
Nxe4 8. Qe2 O-O 9. Nxe4 Re8 10. Ndxc5 b6 11. Nf6+ gxf6 12. Qxe8+ { Black
resigns } 1-0

[Event "ICC tourney 2264 (75 10)"]
[Site "Internet Chess Club"]
[Date "2021.01.02"]
[Round "3"]
[White "nextelitekid"]
[Black "twrchess"]
[Result "1-0"]
[ICCResult "Black resigns"]
[WhiteElo "1561"]
[BlackElo "1411"]
[Opening "French: exchange variation"]
[ECO "C01"]
[NIC "FR.01"]
[Time "18:02:22"]
[PlyCount "37"]
[TimeControl "4500+10"]

1. e4 e6 2. d4 d5 3. exd5 exd5 4. Nf3 Bd6 5. Bd3 Ne7 6. Be3 O-O 7. O-O Nd7
8. c4 c6 9. Nc3 Nf6 10. Bg5 Bf5 11. Bxf6 Bxd3 12. Bxe7 Qxe7 13. Qxd3 dxc4
14. Qxc4 Rac8 15. Rfe1 Qd7 16. Ne4 b5 17. Qc2 Bc7 18. Nfg5 Qf5 19. Nf6+ {
Black resigns } 1-0

[Event "ICC tourney 2264 (75 10)"]
[Site "Internet Chess Club"]
[Date "2021.01.02"]
[Round "3"]
[White "jjplaman"]
[Black "Il123"]
[Result "0-1"]
[ICCResult "White resigns"]
[WhiteElo "1325"]
[BlackElo "1461"]
[Opening "Scandinavian (center counter) defense"]
[ECO "B01"]
[NIC "SD.01"]
[Time "18:02:23"]
[PlyCount "80"]
[TimeControl "4500+10"]

1. e4 d5 2. exd5 Qxd5 3. Nc3 Qa5 4. Nf3 Nf6 5. Bc4 Bg4 6. h3 Bh5 7. O-O c6
8. d4 e6 9. a3 Bd6 10. Bd2 Qc7 11. Re1 O-O 12. Bd3 Nbd7 13. Bg5 a6 14. Ne4
Nxe4 15. Rxe4 h6 16. Bd2 Nf6 17. Re1 Rad8 18. Qc1 Bxf3 19. gxf3 Bh2+ 20.
Kh1 Rxd4 21. Bc3 Rh4 22. Bxf6 gxf6 23. Rg1+ Bxg1 24. Qxg1+ Kh8 25. Qg2 Rg8
26. Qh2 e5 27. Rg1 Rxg1+ 28. Kxg1 Qd7 29. Qg3 Qxh3 30. Qxh3 Rxh3 31. Kg2
Rh4 32. b3 Rd4 33. Kg3 Kg7 34. Kh3 b5 35. Kg3 a5 36. Kh3 h5 37. Kg3 Kh6 38.
Kh3 Kg5 39. Kg3 h4+ 40. Kh3 f5 { White resigns } 0-1

[Event "ICC tourney 2264 (75 10)"]
[Site "Internet Chess Club"]
[Date "2021.01.02"]
[Round "3"]
[White "KingRayfish"]
[Black "aakashjr"]
[Result "1-0"]
[ICCResult "Black resigns"]
[WhiteElo "1469"]
[BlackElo "1642"]
[Opening "Scandinavian: Icelandic gambit"]
[ECO "B01"]
[NIC "SD.03"]
[Time "18:02:23"]
[PlyCount "89"]
[TimeControl "4500+10"]

1. e4 d5 2. exd5 Nf6 3. c4 e6 4. Nc3 exd5 5. cxd5 Nxd5 6. Nf3 Bg4 7. Be2
Be7 8. O-O O-O 9. Re1 Nc6 10. d4 Re8 11. h3 Bf5 12. Nxd5 Qxd5 13. Be3 Nb4
14. Rc1 Bf6 15. Rc5 Qd7 16. Qb3 a5 17. a3 b6 18. Rcc1 Nd5 19. Bb5 Qd6 20.
Bxe8 Rxe8 21. Qc4 Be6 22. Qc6 Qd8 23. Ne5 Bxe5 24. dxe5 Nxe3 25. Rxe3 Bd5
26. Qxc7 Qg5 27. Rg3 Qf4 28. Re1 Be6 29. Qxb6 Qd2 30. Qe3 Qxb2 31. f4 g6
32. Rf1 Bc4 33. Rf2 Qb1+ 34. Kh2 Rd8 35. Rd2 Rc8 36. f5 Qxf5 37. Rf3 Qb1
38. Qg5 Qb8 39. Rdf2 Re8 40. Re3 Qb1 41. Qf6 Qc1 42. e6 Bxe6 43. Rxe6 Qc7+
44. Rd6 Re6 45. Qd8+ { Black resigns } 1-0

[Event "ICC tourney 2264 (75 10)"]
[Site "Internet Chess Club"]
[Date "2021.01.02"]
[Round "3"]
[White "NickManley1987"]
[Black "akshajp"]
[Result "0-1"]
[ICCResult "White resigns"]
[WhiteElo "1543"]
[BlackElo "1389"]
[Opening "Sicilian: Smith-Morra gambit"]
[ECO "B21"]
[NIC "SI.48"]
[Time "18:02:18"]
[PlyCount "58"]
[TimeControl "4500+10"]

1. e4 c5 2. d4 cxd4 3. c3 dxc3 4. Nxc3 Nc6 5. Nf3 e5 6. Bc4 h6 7. O-O Nf6
8. Re1 Be7 9. Be3 O-O 10. Qd2 a6 11. Bxh6 gxh6 12. Qxh6 Nh7 13. Qg6+ Kh8
14. Bxf7 Bf6 15. Nd5 Ne7 16. Qh5 Nxd5 17. Bg6 Qe7 18. exd5 d6 19. Rac1 Qg7
20. g4 Rg8 21. Qxh7+ Qxh7 22. Bxh7 Rxg4+ 23. Kh1 Kxh7 24. Rc7+ Kg6 25. h3
Rf4 26. Rg1+ Kh6 27. Rg3 Bf5 28. Rf7 Be4 29. Kg2 Bxd5 { White resigns } 0-1

[Event "ICC tourney 2264 (75 10)"]
[Site "Internet Chess Club"]
[Date "2021.01.02"]
[Round "3"]
[White "trucker"]
[Black "MasterIVGM20"]
[Result "1-0"]
[ICCResult "Black checkmated"]
[WhiteElo "1642"]
[BlackElo "1184"]
[Opening "Ruy Lopez: Möller defense"]
[ECO "C78"]
[NIC "RL.12"]
[Time "18:02:24"]
[PlyCount "97"]
[TimeControl "4500+10"]

1. e4 e5 2. Nf3 Nc6 3. Bb5 a6 4. Ba4 Nf6 5. O-O Bc5 6. d3 b5 7. Bb3 d6 8.
c3 O-O 9. Nbd2 h6 10. a4 Be6 11. axb5 axb5 12. Rxa8 Qxa8 13. Bxe6 fxe6 14.
Qb3 Qe8 15. Qxb5 Qd7 16. Nc4 Rb8 17. Qa4 Rf8 18. b4 Bb6 19. Nxb6 cxb6 20.
Be3 Rb8 21. h3 b5 22. Qa6 d5 23. exd5 exd5 24. Re1 d4 25. Bd2 dxc3 26. Bxc3
Ne7 27. Bxe5 Rf8 28. Qd6 Qb7 29. Bxf6 Rxf6 30. Qxe7 Qd5 31. Qe8+ Kh7 32.
Qe4+ Qxe4 33. dxe4 Re6 34. e5 Kg6 35. Nd4 Rb6 36. f4 Kf7 37. Kf2 g5 38. f5
h5 39. Kf3 Ke7 40. Ke4 g4 41. hxg4 hxg4 42. Rh1 g3 43. Rh7+ Kf8 44. e6 Ke8
45. f6 Rxe6+ 46. Kf5 Rb6 47. Ne6 Rb7 48. Rh8+ Kf7 49. Nd8# { Black
checkmated } 1-0

[Event "ICC tourney 2264 (75 10)"]
[Site "Internet Chess Club"]
[Date "2021.01.02"]
[Round "3"]
[White "GPWKnight"]
[Black "Fredzhang"]
[Result "1-0"]
[ICCResult "Black checkmated"]
[WhiteElo "1471"]
[BlackElo "1403"]
[Opening "Sicilian: Alapin's variation (2.c3)"]
[ECO "B22"]
[NIC "SI.46"]
[Time "18:02:56"]
[PlyCount "77"]
[TimeControl "4500+10"]

1. e4 c5 2. c3 Nc6 3. d4 cxd4 4. cxd4 d6 5. d5 Ne5 6. Nf3 Nxf3+ 7. Qxf3 Nf6
8. h3 e5 9. Bb5+ Bd7 10. Bxd7+ Qxd7 11. O-O Be7 12. Nc3 O-O 13. Qe2 a6 14.
f4 Qc7 15. f5 Qb6+ 16. Be3 Qc7 17. g4 Ne8 18. g5 f6 19. g6 h6 20. Qh5 Bd8
21. Rac1 Qd7 22. Nd1 Ba5 23. Nf2 Rc8 24. Rxc8 Qxc8 25. Rc1 Qd7 26. Ng4 Bd8
27. Bxh6 gxh6 28. Nxh6+ Kg7 29. Nf7 Rxf7 30. Qh7+ Kf8 31. Qh8+ Ke7 32. gxf7
Kxf7 33. Qh7+ Ng7 34. Rc2 Bb6+ 35. Kh1 Qb5 36. Qg6+ Kg8 37. Rc8+ Bd8 38.
Rxd8+ Qe8 39. Rxe8# { Black checkmated } 1-0

[Event "ICC tourney 2264 (75 10)"]
[Site "Internet Chess Club"]
[Date "2021.01.02"]
[Round "3"]
[White "CheddarCheng1"]
[Black "Anushkaa"]
[Result "1-0"]
[ICCResult "Black checkmated"]
[WhiteElo "1424"]
[BlackElo "1281"]
[Opening "Giuoco Piano"]
[ECO "C50"]
[NIC "IG.02"]
[Time "18:02:19"]
[PlyCount "65"]
[TimeControl "4500+10"]

1. e4 e5 2. Nf3 Nc6 3. Bc4 Bc5 4. O-O Nf6 5. d3 O-O 6. c3 Be7 7. Bb3 d6 8.
Nbd2 Be6 9. Bc2 d5 10. Re1 dxe4 11. Nxe4 Nxe4 12. Rxe4 Bd6 13. d4 exd4 14.
Nxd4 Nxd4 15. Rxd4 Qf6 16. Bxh7+ Kh8 17. Qh5 Rfe8 18. Bg5 Bxh2+ 19. Kh1
Qxg5 20. Qxg5 Kxh7 21. Rh4+ Kg8 22. Kxh2 Rad8 23. Rd4 Rc8 24. f4 g6 25. Rf1
Bf5 26. Rd5 Kf8 27. Qh6+ Kg8 28. Rf3 f6 29. Rxf5 gxf5 30. Qxf6 Kh7 31. Rh3+
Kg8 32. Rg3+ Kh7 33. Qg7# { Black checkmated } 1-0

[Event "ICC tourney 2264 (75 10)"]
[Site "Internet Chess Club"]
[Date "2021.01.02"]
[Round "3"]
[White "tcrgm"]
[Black "Hamlett144"]
[Result "1-0"]
[ICCResult "Black resigns"]
[WhiteElo "1587"]
[BlackElo "1452"]
[Opening "French: advance, Paulsen attack"]
[ECO "C02"]
[NIC "FR.03"]
[Time "18:02:20"]
[PlyCount "78"]
[TimeControl "4500+10"]

1. e4 e6 2. d4 d5 3. e5 c5 4. c3 Nc6 5. Nf3 h5 6. Be2 Be7 7. Be3 c4 8. Nbd2
Nh6 9. Bxh6 Rxh6 10. Qc2 Bd7 11. h3 h4 12. O-O-O b5 13. g3 b4 14. gxh4 Qa5
15. Rdg1 g6 16. Ng5 bxc3 17. Qxc3 Nb4 18. Qf3 Bxg5 19. hxg5 Nxa2+ 20. Kb1
Rh7 21. Nxc4 Qb4 22. Nd6+ Ke7 23. Kxa2 Rb8 24. Qa3 Rh4 25. Rg4 Rhh8 26.
Qxb4 Rxb4 27. Rc1 Rhb8 28. Rc2 Ba4 29. Rd2 Bb3+ 30. Kb1 a5 31. Rf4 Rf8 32.
Rf3 a4 33. Bd1 Bc4 34. Rc3 Rfb8 35. Nxc4 dxc4 36. Be2 Rc8 37. Rdc2 Rb3 38.
Rxb3 axb3 39. Rxc4 Rd8 { Black resigns } 1-0